AoeStats
← Mr. Cold

Nomad

507128288Analyzed
4v4 RM · 16d ago on Sep 16, 2026· 30m 48s· 8 players
Game mode
Random Map
Map size
231×231
Population
200
Speed
Normal
Resources
Standard
Victory
Conquest
Starting age
Dark Age
Ending age
Imperial Age
RankedLock teamsTeams togetherTeam positionsShared explorationLock speedFull tech treeHidden civsTurbo modeCheats
Victory
Defeat
🇵🇪 Gurjaras · Peru
1349
+12
🇨🇳 Georgians · China
1296
+14
🇺🇾 Khmer · Uruguay
1290
+14
🇨🇳 Japanese · China
1289
+14
🇹🇷 Bulgarians · Türkiye
1282
-15
🇦🇷 Koreans · Argentina
1257
-14
🇨🇴 Jurchens · Colombia
1239
-13
🇬🇧 Malay · United Kingdom
1223
-12
𒉭BEHELIT𒉭
3:27 Loom
13:26 Feudal Age
14:06 Double-Bit Axe
19:07 Castle Age
17:30 Stone Mining
19:32 Horse Collar
20:50 Gold Mining
22:14 Treadmill Crane
24:20 Gold Shaft Mining
Dangerous Penguin
4:13 Loom
15:42 Feudal Age
17:20 Double-Bit Axe
18:03 Fishing Lines
22:56 Castle Age
24:45 Fletching
26:42 Forging
27:37 Iron Casting
27:15 Town Watch
C42
9:27 Loom
14:37 Feudal Age
19:47 Castle Age
17:43 Stone Mining
18:26 Fletching
20:55 Double-Bit Axe
22:22 Bodkin Arrow
Mr. Cold
4:56 Loom
13:05 Feudal Age
16:38 Fletching
18:56 Fishing Lines
23:50 Castle Age
EBERE
4:55 Loom
13:40 Feudal Age
17:03 Castle Age
30:56 Imperial Age
31:02 Imperial Age
true my word i
6:29 Loom
12:55 Feudal Age
13:38 Double-Bit Axe
17:24 Town Watch
18:33 Fishing Lines
23:10 Castle Age
21:06 Horse Collar
24:20 Medium Warships
24:14 Gillnets
25:11 Wheelbarrow
30:04 Heavy Plow
30:01 Stone Mining
30:24 Bow Saw
微辣十三香
8:16 Loom
14:17 Feudal Age
15:35 Fishing Lines
18:23 Castle Age
19:11 Double-Bit Axe
20:38 Scale Mail Armor
22:07 Bow Saw
22:56 Gillnets
27:31 Forging
27:37 Chain Mail Armor
27:34 Town Watch
29:01 Iron Casting
30:06 Wheelbarrow
31:06 Hand Cart
Dr. Kenzo Tenma
4:02 Loom
13:14 Feudal Age
13:51 Double-Bit Axe
17:57 Fletching
18:34 Padded Archer Armor
23:34 Castle Age
24:10 Bodkin Arrow
23:36 Crossbowman
Connection lost

Rejoining the realm…

Still unreachable

The connection could not be restored.

Session expired

The server has moved on; the page needs a fresh start.